 Dungeon Crawl Stone Soup version 0.31-a0-1068-g5939ac1fb6 (webtiles) character file.

Game seed: 17315312436240229149

10506 Colgate the Mimic (level 11, -15/70 HPs)
             Began as a Djinni Hedge Wizard on Nov 24, 2023.
             Was a Believer of Hepliaklqana.
             Killed from afar by Azrael (29 damage)
             ... with damnation
             ... on level 12 of the Dungeon on Nov 26, 2023.
             The game lasted 01:26:22 (19262 turns).

Colgate the Mimic (Djinni Hedge Wizard)            Turns: 19262, Time: 01:26:22

Health: -15/70     AC: 15    Str: 14    XL:     11   Next: 94%
Gold:   652        EV: 15    Int: 18    God:    Hepliaklqana [**....] SH:  0 Dex: 15

rFire   + + .        b - melded staff of conjuration
rCold   x . .        (shield currently unavailable)
rNeg    . . .        l - +9 scale mail of Ucinyena {Str+3 Dex+2}
rPois   ∞            p - +2 helmet
rElec   .            H - +2 cloak
rCorr   .            (gloves currently unavailable)
SInv    .            (boots unavailable)
Will    ++...        (no amulet)
Stlth   +            B - +5 ring of evasion
HPRegen 0.31/turn    a - ring of willpower
MPRegen 0.00/turn

%: infuse magic (-16 HP)
@: blade hands, freezing walls, flying, very slightly contaminated
A: flying, reduced essence, sickness immunity, fire resistance 2, cold
vulnerability 1, float, innate caster, HP casting, extra vitality 1
a: Begin Untransformation, Renounce Religion, Recall Ancestor, Ancestor Identity


You were on level 12 of the Dungeon.
You worshipped Hepliaklqana.
Hepliaklqana was pleased with you.
You had blades for hands.
You visited 2 branches of the dungeon, and saw 13 of its levels.

You collected 652 gold pieces.

Inventory:

Missiles
 t - a throwing net {!f}
 w - 4 curare-tipped darts
Armour
 l - the +9 scale mail of Ucinyena (worn) {Str+3 Dex+2}
   (You found it on level 5 of the Dungeon)

   Str+3:     It affects your strength (+3).
   Dex+2:     It affects your dexterity (+2).
 p - a +2 helmet (worn)
 H - a +2 cloak (worn)
 N - +0 acid dragon scales
Magical Staves
 b - a staff of conjuration (melded)
Jewellery
 a - a ring of willpower (right blade hand)
 g - a ring of ice
 o - a +6 ring of intelligence
 B - a +5 ring of evasion (left blade hand)
 I - a ring of ice
Wands
 C - a wand of quicksilver (9) {@v1}
 E - a wand of charming (13)
 L - a wand of polymorph (7)
Scrolls
 c - 4 scrolls of teleportation {@r3}
 e - a scroll of brand weapon {unknown}
 h - a scroll of torment {unknown}
 i - 3 scrolls of blinking {@r4}
 m - 2 scrolls of revelation {unknown}
 q - a scroll of fear
 s - a scroll of vulnerability
 y - 5 scrolls of fog
 A - a scroll of silence {unknown}
 F - a scroll of noise
 G - a scroll of amnesia {unknown}
 J - a scroll of immolation {unknown}
 M - a scroll of poison
 O - a scroll of enchant armour
Potions
 d - a potion of mutation {unknown}
 f - 5 potions of curing {@q1}
 k - a potion of enlightenment {unknown}
 n - 2 potions of lignification
 r - 2 potions of haste {@q4}
 u - 2 potions of might {@q3}
 v - a potion of brilliance {unknown}
 x - a potion of ambrosia {unknown}
 z - 2 potions of berserk rage
 D - 2 potions of degeneration {unknown}
 K - a potion of attraction {unknown}


   Skills:
 + Level 6.9 Fighting
 - Level 3.1 Dodging
 - Level 1.5 Stealth
 - Level 10.0 Unarmed Combat
 - Level 5.1 Spellcasting
 - Level 5.1 Conjurations
 - Level 5.1 Hexes
 - Level 5.1 Summonings
 - Level 5.1 Necromancy
 - Level 5.1 Translocations
 - Level 5.1 Transmutations
 - Level 5.1 Fire Magic
 - Level 5.1 Ice Magic
 - Level 5.1 Air Magic
 - Level 5.1 Earth Magic
 - Level 5.1 Poison Magic
 - Level 10.0 Shapeshifting


You knew the following spells:

 Your Spells              Type           Power      Damage    Failure   Level
a - Magic Dart            Conj           88%        1d7       8%          1
b - Slow                  Hex            88%        N/A       8%          1
c - Blink                 Tloc           44%        N/A       11%         2
d - Call Imp              Summ           44%        N/A       11%         2
e - Mephitic Cloud        Conj/Pois/Air  22%        N/A       22%         3
f - Freeze                Ice            88%        1d9       8%          1
g - Poisonous Vapours     Pois/Air       44%        N/A       11%         2
h - Frozen Ramparts       Ice            44%        1d7       22%         3
i - Hailstorm             Conj/Ice       22%        3d7       22%         3
j - Manifold Assault      Tloc           22%        N/A       58%         4
Your spell library was empty.

Dungeon Overview and Level Annotations

Branches:
Dungeon (12/15)            Temple (1/1) D:7            Lair (0/5) D:9
    Orc (0/2) D:12

Altars:
Ashenzari
Cheibriados
Dithmenos
Elyvilon
Fedhas
Gozag
Hepliaklqana
Makhleb
Nemelex Xobeh
Okawaru
Qazlal
Ru
Trog
Uskayaw
Wu Jian
Xom
Yredelemnul
Zin
The Shining One

Shops:
D:9 (   D:10 (

Annotations:
D:3 3 runed translucent doors, kskgo's ghost, amateur DjFE; pzskc383's ghost, amateur GrFi
D:12 Azrael


Innate Abilities, Weirdness & Mutations

You have blades for hands.
You are flying.
You are incapable of wielding weapons or throwing items.
Your life essence is reduced to manifest your ancestor. (-10% HP)
You are immune to sickness and miasma.
You are immune to poison.
Your flesh is very heat resistant. (rF++)
You are vulnerable to cold. (rC-)
You float through the air rather than walking.
You learn spells naturally, not from books.
Your magical power is your life essence.
You have superior vitality. (+4 MHP)


Message History

Nothing appears to happen.
* * * LOW HITPOINT WARNING * * *
The frozen ramparts melt away.
You feel much better.
Azrael hits you with a +1 scimitar of flaming!
* * * LOW HITPOINT WARNING * * *
Azrael burns you.
* * * LOW HITPOINT WARNING * * *
You feel much better.
Azrael hits you with a +1 scimitar of flaming!!
Azrael burns you.
You feel much better. Azrael closely misses you.
Okay, then.
Casting: Hailstorm (dangerous; 22% risk of failure)
Casting: Frozen Ramparts (dangerous; 22% risk of failure)
Press: ? - help, Dir - look around, f - activate The walls around you are covered in ice.
The wall freezes the basilisk.
The wall freezes Azrael but does no damage.
Azrael gestures at you.
The fireball explodes!
The fireball engulfs you! You resist.
The fireball engulfs Azrael.
Azrael completely resists.
You hit Azrael.
The wall freezes the basilisk.
The basilisk seems to slow down.
You barely miss Azrael.
Azrael is frozen!
The wall freezes Azrael.
Azrael gestures at you.
The fireball explodes!
The fireball engulfs you! You resist.
* * * LOW HITPOINT WARNING * * *
The fireball engulfs Azrael.
Azrael completely resists.
You slash Azrael!
Azrael is frozen!
The wall freezes Azrael.
Azrael hits you with a +1 scimitar of flaming.
* * * LOW HITPOINT WARNING * * *
The wall freezes the basilisk but does no damage.
Casting: Frozen Ramparts (dangerous; 22% risk of failure)
A tiny devil pulls itself out of the air.
* * * LOW HITPOINT WARNING * * *
The basilisk is no longer moving slowly.
Azrael is frozen!
The wall freezes Azrael!
Azrael gestures at you.
The sphere of damnation explodes!
The damnation engulfs you!!
You die...

##+## #.# ###########...# #.#
#<.[.5.@Rl....# #.#
##########....# ##.#######
#°☼..########
##..#~~.#.########○☼..........
#~≈~#..§#~.#....☼☼R...########
#♣..#§.~#..#...○○E..###
#~§§~~.~°§♣#.°E○.....##
#.≈§§○.#○○§°#h#####....#
°..§§§E○E○R~.☼# #.....[#


You could see Azrael (ally target), a basilisk and a friendly cerulean imp
(summoned).

Vanquished Creatures
  Erica (D:11)
  A two-headed ogre (D:9)
  A gargoyle (D:12)
  2 unseen horrors
  A kobold demonologist (D:12)
  A wraith (D:10)
  3 yaks (D:8)
  A wyvern (D:9)
  2 fire elementals (D:12)
  6 steam dragons
  3 vampire mosquitoes (D:10)
  2 wargs (D:8)
  An acid dragon (D:11)
  Duvessa (D:6)
  3 hell hounds (D:12)
  A sky beast (D:7)
  An ice beast (D:8)
  3 orc warriors
  An ogre (D:5)
  8 centaurs
  2 phantoms
  A kobold brigand (D:9)
  5 bullfrogs
  2 gnoll sergeants
  4 scorpions
  4 wights (D:6)
  Dowan (D:6)
  4 killer bees (D:9)
  5 howler monkeys
  9 orc priests
  3 jellies (D:4)
  5 hounds
  4 sleepcaps
  6 iguanas
  8 orc wizards
  10 gnolls
  3 adders
  A white imp (D:8)
  2 ufetubi (D:7)
  3 worms
  2 dart slugs
  39 orcs
  7 bats
  8 endoplasms
  2 giant cockroaches
  7 goblins
  8 hobgoblins
  4 quokkas
  6 ball pythons
  A frilled lizard (D:1)
  9 kobolds
  A rat (D:3)
219 creatures vanquished.

Vanquished Creatures (collateral kills)
  A wraith (D:10)
  A yak (D:8)
  A vampire mosquito (D:10)
  A swamp drake (D:10)
  An orc warrior (D:9)
  A black bear (D:4)
  2 centaurs (D:11)
  A bullfrog (D:9)
  2 killer bees (D:9)
  A howler monkey (D:9)
  A jelly (D:4)
  A gnoll bouda (D:4)
  2 orc priests
  A sleepcap (D:5)
  4 orc wizards
  Robin (D:3)
  4 gnolls
  An adder (D:4)
  A shadow imp (D:6)
  3 dart slugs (D:1)
  13 orcs
  An endoplasm (D:3)
  4 giant cockroaches
  7 goblins
  6 hobgoblins
  2 quokkas
  A ball python (D:3)
  A bat (D:2)
  7 kobolds
  2 rats (D:2)
75 creatures vanquished.

Vanquished Creatures (others)
  An ancestor (D:8)
  4 battlemagi
5 creatures vanquished.

Grand Total: 299 creatures vanquished

Notes
Turn   | Place    | Note
-------+----------+-------------------------------------------
     0 | D:1      | Colgate the Djinni Hedge Wizard began the quest for the
                  | Orb.
     0 | D:1      | Colgate set off with the following spells memorised: Magic
                  | Dart, Slow, Blink, Call Imp, Mephitic Cloud.
     0 | D:1      | Reached XP level 1. HP: 15/15 MP: 0/0
   203 | D:1      | Reached XP level 2. HP: 19/21 MP: 0/0
   662 | D:1      | Reached XP level 3. HP: 25/25 MP: 0/0
   662 | D:1      | Learned a level 1 spell: Freeze
  1303 | D:2      | Reached XP level 4. HP: 29/31 MP: 0/0
  2015 | D:3      | Noticed Robin
  2058 | D:3      | Killed Robin
  2059 | D:3      | Reached XP level 5. HP: 17/35 MP: 0/0
  2059 | D:3      | Learned a level 2 spell: Poisonous Vapours
  2424 | D:3      | Found a runed translucent gate.
  2425 | D:3      | Found a runed translucent gate.
  2425 | D:3      | Found a runed translucent gate.
  2426 | D:3      | Noticed pzskc383's ghost (amateur GrFi)
  2426 | D:3      | Noticed kskgo's ghost (amateur DjFE)
  3052 | D:4      | Reached skill level 5 in Spellcasting
  3052 | D:4      | Reached skill level 5 in Conjurations
  3052 | D:4      | Reached skill level 5 in Hexes
  3052 | D:4      | Reached skill level 5 in Summonings
  3052 | D:4      | Reached skill level 5 in Necromancy
  3052 | D:4      | Reached skill level 5 in Translocations
  3052 | D:4      | Reached skill level 5 in Transmutations
  3052 | D:4      | Reached skill level 5 in Fire Magic
  3052 | D:4      | Reached skill level 5 in Ice Magic
  3052 | D:4      | Reached skill level 5 in Air Magic
  3052 | D:4      | Reached skill level 5 in Earth Magic
  3052 | D:4      | Reached skill level 5 in Poison Magic
  3052 | D:4      | Reached XP level 6. HP: 19/40 MP: 0/0
  3446 | D:4      | Reached skill level 1 in Fighting
  3726 | D:4      | Noticed a black bear
  3735 | D:4      | Killed a black bear
  3736 | D:4      | Reached XP level 7. HP: 31/50 MP: 0/0
  3736 | D:4      | Learned a level 3 spell: Frozen Ramparts
  4396 | D:4      | Found a shadowy altar of Dithmenos.
  4980 | D:4      | Reached skill level 5 in Fighting
  5047 | D:4      | Reached skill level 1 in Shapeshifting
  5047 | D:4      | Reached XP level 8. HP: 55/59 MP: 0/0
  5686 | D:5      | Entered Level 5 of the Dungeon
  6640 | D:5      | Identified the +9 scale mail of Ucinyena {Str+3 Dex+2}
  7061 | D:5      | Found a shimmering altar of Xom.
  7414 | D:5      | Found a stormy altar of Qazlal.
  7761 | D:5      | Found a basalt altar of Yredelemnul.
  7846 | D:5      | Identified the +6 short sword "Rugemiem" {venom, rF+ rN+}
  8227 | D:5      | You are sucked into a shaft and drop 3 floors!
  8248 | D:8      | Reached skill level 5 in Shapeshifting
  8400 | D:8      | Reached XP level 9. HP: 63/65 MP: 0/0
  8400 | D:8      | Learned a level 3 spell: Hailstorm
  9452 | D:7      | Found a staircase to the Ecumenical Temple.
  9463 | Temple   | Entered the Ecumenical Temple
  9477 | Temple   | Became a worshipper of Hepliaklqana the Forgotten
  9515 | D:7      | Reached XP level 10. HP: 55/70 MP: 0/0
  9586 | D:6      | Noticed Duvessa
 10215 | D:5      | Found a shimmering altar of Xom.
 10396 | D:5      | Found a stormy altar of Qazlal.
 10787 | D:5      | Found a basalt altar of Yredelemnul.
 11435 | D:6      | Noticed Dowan
 11665 | D:6      | Killed Dowan
 11707 | D:6      | Killed Duvessa
 12354 | D:6      | Found an ornate altar of the Wu Jian Council.
 12714 | D:6      | Reached skill level 10 in Shapeshifting
 13543 | D:7      | Reached skill level 1 in Unarmed Combat
 14056 | D:8      | Reached * piety under Hepliaklqana
 14648 | D:9      | Reached skill level 5 in Unarmed Combat
 15213 | D:9      | Found a staircase to the Lair.
 15357 | D:9      | Noticed a two-headed ogre
 15379 | D:9      | Killed a two-headed ogre
 15380 | D:9      | Reached XP level 11. HP: 48/67 MP: 0/0
 15380 | D:9      | Learned a level 4 spell: Manifold Assault
 15460 | D:9      | Found Cior's Antique Weapon Boutique.
 15841 | D:9      | Found a white marble altar of Elyvilon.
 16530 | D:10     | Entered Level 10 of the Dungeon
 17435 | D:10     | Found Coshoc's Weapon Boutique.
 17561 | D:10     | Found an opulent altar of Gozag.
 17561 | D:10     | Found a sacrificial altar of Ru.
 17599 | D:10     | Found a burning altar of Makhleb.
 17640 | D:10     | Reached ** piety under Hepliaklqana
 17641 | D:10     | Remembered your ancestor Vojtech as a battlemage
 18216 | D:11     | Noticed Erica
 18298 | D:11     | Killed Erica
 18357 | D:11     | Noticed a cyan ugly thing
 18407 | D:10     | Reached skill level 10 in Unarmed Combat
 19131 | D:12     | Found a staircase to the Orcish Mines.
 19214 | D:12     | Noticed Azrael
 19219 | D:12     | Noticed a deep elf pyromancer
 19262 | D:12     | Killed from afar by Azrael

Illustrated notes

Levels and vault maps discovered:
D:1:      roderic_crossed_star, layout_loops_ring, minmay_stone_trees_medium
D:2:      layout_loops_ring
D:3:      layout_loops_ring, led_sif_pool, cheibrodos_sewer_entry_sluice,
          gammafunk_ghost_cemetery, uniq_robin
D:4:      cheibrodos_barr_body, layout_gridville, grunt_dithmenos_smoke,
          hellmonk_no_cap
D:5:      corexii_shack_village, layout_basic, nicolae_qazlal_scattered_showers,
          mainiacjoe_overflow_alcove_1, amcnicky_altar_gilded,
          overflow_temple_1_default, kennysheep_generic_room_11
D:6:      layout_loops_ring, kennysheep_mini, nicolae_benzene_ring, uniq_duvessa
D:7:      layout_rooms, minmay_temple_entry_overgrown, hangedman_decor_points
D:8:      layout_basic
D:9:      layout_irregular_city, mainiacjoe_overflow_concentric_impassable,
          erik_lair_orcish_takeover, serial_shops, nicolae_shop_crystal
D:10:     layout_small_grid, bloody_makhleb,
          mainiacjoe_overflow_large_starburst, serial_shops, shop, pond
D:11:     layout_roguey, uniq_erica, uniq_erolcha
D:12:     layout_basic, orc_0_dummy, chequers_serial_rivers_micro_c,
          dreamdust_princess_bridge, chequers_serial_rivers_marsh,
          kennysheep_generic_room_4, uniq_azrael
Temple:   chequers_temple_sunken

Skill      XL: |  1  2  3  4  5  6  7  8  9 10 11 |
---------------+----------------------------------+-----
Spellcasting   | 3 4 5 |  5.1
Conjurations   | 3 4 5 |  5.1
Hexes          | 3 4 5 |  5.1
Summonings     | 3 4 5 |  5.1
Necromancy     | 3 4 5 |  5.1
Translocations | 3 4 5 |  5.1
Transmutations | 3 4 5 |  5.1
Fire Magic     | 3 4 5 |  5.1
Ice Magic      | 3 4 5 |  5.1
Air Magic      | 3 4 5 |  5.1
Earth Magic    | 3 4 5 |  5.1
Poison Magic   | 3 4 5 |  5.1
Fighting       | 3 5 6 |  6.9
Dodging        | 3 |  3.1
Shapeshifting  | 1 5 8 10 | 10.0
Unarmed Combat | 6 10 | 10.0
Stealth        | |  1.5

Action                     |  1- 3 |  4- 6 |  7- 9 | 10-12 || total
---------------------------+-------+-------+-------+-------++-------
  Melee: Dagger            |     1 |    16 |       |       ||    17
         Punch             |       |     1 |       |     7 ||     8
         Mace              |       |     1 |       |       ||     1
         Battleaxe         |       |       |     1 |       ||     1
         Short sword       |       |       |    26 |     2 ||    28
         Unarmed           |       |       |       |   140 ||   140
         Staff             |       |       |       |     1 ||     1
   Fire: Sling             |       |       |    16 |       ||    16
   Cast: Magic Dart        |    30 |    25 |     8 |       ||    63
         Call Imp          |    17 |    25 |    68 |    18 ||   128
         Freeze            |     6 |     6 |     6 |     2 ||    20
         Mephitic Cloud    |       |     9 |     6 |     7 ||    22
         Poisonous Vapours |       |    44 |   138 |   154 ||   336
         Frozen Ramparts   |       |       |    29 |    14 ||    43
         Hailstorm         |       |       |     4 |    48 ||    52
         Slow              |       |       |       |     8 ||     8
         Blink             |       |       |       |     2 ||     2
 Invoke: Recall Ancestor   |       |       |       |     2 ||     2
         Ancestor Life: Ba |       |       |       |     1 ||     1
    Use: Scroll            |       |       |     3 |    13 ||    16
         Potion            |       |       |     1 |     3 ||     4
   Stab: Confused          |       |     2 |       |       ||     2
         Distracted        |       |       |       |     2 ||     2
 Armour: Robe              |     5 |    15 |     4 |       ||    24
         Scale mail        |       |       |    32 |   155 ||   187
         Steam dragon scal |       |       |     6 |    33 ||    39
  Dodge: Dodged            |    10 |    15 |    34 |   120 ||   179
   Form: Blade             |       |       |       |     1 ||     1

Table legend: (Time is in decaauts)
 A = Elapsed time spent in this place.
 B = Non-inter-level travel time spent in this place.
 C = Inter-level travel time spent in this place.
 D = Time resting spent in this place.
 E = Time spent auto-exploring this place.
 F = Levels seen in this place.
 G = Mean time per level.
                   A        B        C        D        E       F      G
               +--------+--------+--------+--------+--------+-----+--------+
         Total |  19277 |  17611 |   1666 |   4668 |  10231 |  13 | 1482.8 |
       Dungeon |  19245 |  17593 |   1652 |   4668 |  10231 |  12 | 1603.8 |
        Temple |     31 |     17 |     14 |      0 |      0 |   1 |   31.0 |
               +--------+--------+--------+--------+--------+-----+--------+

Top non-repeatable levels by time:
     D:5: 4244 daAuts
     D:4: 2678 daAuts
     D:9: 2287 daAuts
     D:3: 1804 daAuts
     D:8: 1636 daAuts
     D:6: 1529 daAuts
    D:10: 1447 daAuts
     D:7: 965 daAuts
     D:2: 942 daAuts
     D:1: 903 daAuts
    D:11: 546 daAuts
    D:12: 260 daAuts
  Temple: 31 daAuts
